 Dungeon Crawl Stone Soup version 0.31.0-32-g396128a36d (webtiles) character file.

Game seed: 14550181637426745114

2245 AdnanSaban the Cudgeller (level 9, -13/55 HPs)
             Began as a Gargoyle Fighter on Apr 14, 2024.
             Was a Believer of Okawaru.
             Mangled by a gnoll
             ... wielding a +1 halberd of distortion
             ... led by a gnoll bouda
              (23 damage)
             ... on level 7 of the Dungeon.
             The game lasted 00:08:58 (6055 turns).

AdnanSaban the Cudgeller (Gargoyle Fighter)         Turns: 6055, Time: 00:08:59

Health: -13/55     AC: 19    Str: 24    XL:     9   Next: 37%
Magic:  11/11      EV:  7    Int:  9    God:    Okawaru [**....]
Gold:   689        SH:  5    Dex:  9    Spells: 8/8 levels left

rFire   . . .        a - +0 flail
rCold   . . .        c - +0 buckler
rNeg    + . .        C - +0 plate armour
rPois   ∞            (no helmet)
rElec   +            (no cloak)
rCorr   .            (no gloves)
SInv    .            (no boots)
Will    .....        s - amulet of regeneration Stlth
                     (no ring)
HPRegen 1.09/turn    (no ring)
MPRegen 0.12/turn

%: no passive effects
@: no status effects
A: sickness immunity, AC +6, negative energy resistance 1, electricity
resistance, torment resistance 1, petrification resistance
a: Renounce Religion, Heroism


You were on level 7 of the Dungeon.
You worshipped Okawaru.
Okawaru was pleased with you.
You visited 2 branches of the dungeon, and saw 8 of its levels.

You collected 689 gold pieces.

Inventory:

Hand Weapons
 a - a +0 flail (weapon)
Missiles
 f - 12 boomerangs
 g - 2 javelins
 k - 11 poisoned darts (quivered)
 x - 6 curare-tipped darts
 y - 4 atropa-tipped darts
Armour
 c - a +0 buckler (worn)
 C - a +0 plate armour (worn)
Jewellery
 s - an amulet of regeneration (around neck)
 F - an amulet of the acrobat
Wands
 r - a wand of mindburst (12)
 B - a wand of paralysis (6)
Scrolls
 e - 3 scrolls of poison {unknown}
 h - 2 scrolls of butterflies {unknown}
 i - 4 scrolls of teleportation {unknown}
 j - 2 scrolls of enchant armour {unknown}
 m - 6 scrolls of identify {unknown}
 o - 4 scrolls of noise {unknown}
 p - a scroll of vulnerability {unknown}
 t - 4 scrolls of blinking {unknown}
 v - 2 scrolls of fog {unknown}
 A - a scroll of immolation {unknown}
 D - a scroll of amnesia {unknown}
 E - a scroll of fear {unknown}
Potions
 b - 3 potions of haste {unknown}
 d - 2 potions of might
 l - 4 potions of degeneration {unknown}
 n - 5 potions of curing {unknown}
 q - a potion of heal wounds {unknown}
 u - a potion of enlightenment {unknown}
 w - a potion of berserk rage {unknown}
 z - 2 potions of brilliance {unknown}


   Skills:
 + Level 5.7 Fighting
 + Level 7.2 Maces & Flails
 + Level 0.5 Throwing
 + Level 6.8 Armour
 + Level 2.5 Dodging
 + Level 1.2 Stealth
 + Level 6.2 Shields
 * Level 3.7 Invocations


You had 8 spell levels left.
You didn't know any spells.
Your spell library contained the following spells:

 Spells                   Type           Power      Damage    Failure   Level
 Sting                    Conj/Alch      0%         1d3       100%        1
 Mercury Vapours          Alch/Air       0%         N/A       100%        2
 Volatile Blastmotes      Fire/Tloc      0%         2d10      100%        3
 Fulminant Prism          Conj/Alch      0%         3d5       100%        4
 Iskenderun's Mystic Bla  Conj/Tloc      0%         2d3       100%        4
 Olgreb's Toxic Radiance  Alch           0%         N/A       100%        4
 Eringya's Noxious Bog    Alch           0%         4d6       100%        6
 Summon Forest            Summ/Tloc      Unusable   N/A       N/A         5
 Summon Hydra             Summ           Unusable   N/A       N/A         7

Dungeon Overview and Level Annotations

Branches:
Dungeon (7/15)             Temple (1/1) D:6

Altars:
Ashenzari
Cheibriados
Dithmenos
Elyvilon
Fedhas
Gozag
Kikubaaqudgha
Makhleb
Nemelex Xobeh
Okawaru
Qazlal
Ru
Trog
Uskayaw
Vehumet
Wu Jian
Xom
Yredelemnul
Zin

Annotations:
D:2 1 runed translucent door, Crazy Yiuf


Innate Abilities, Weirdness & Mutations

You are immune to sickness and miasma.
Your stone body is resilient. (AC +6)
You are immune to poison.
You resist negative energy. (rN+)
You are resistant to electric shocks. (rElec)
You are resistant to unholy torment.
You are immune to petrification.


Message History

You throw a poisoned dart.
The poisoned dart barely misses the gnoll.
The poisoned dart hits the gnoll bouda.
The gnoll bouda is poisoned.
The gnoll shouts!
You hit the gnoll but do no damage.
The gnoll is heavily wounded.
The gnoll hits you with a +1 halberd of distortion!
Space warps around you.
The gnoll bouda calls upon its god to heal the gnoll.
The gnoll is healed somewhat.
You barely miss the gnoll.
The gnoll is lightly wounded.
The gnoll closely misses you. The gnoll hits you but does no damage.
The gnoll bouda barks out a call to the hunt!
The gnolls pick up the pace!
The gnoll throws a throwing net.
You block the throwing net.
You hit the gnoll.
The gnoll is lightly wounded.
The gnoll bouda looks more healthy.
The gnoll hits you but does no damage. Space warps horribly around you!
You block the gnoll's attack.
You hit the gnoll but do no damage.
The gnoll is moderately wounded.
You block the gnoll's attack. The gnoll hits you but does no damage.
The gnoll hits you from afar with a +1 halberd of distortion.
Space warps around you. The gnoll hits you with a +0 flail.
The gnoll attacks as it pursues you! The gnoll hits you with a +0 flail.
The gnoll attacks as it pursues you! The gnoll barely misses you.
The gnoll looks more healthy.
The gnoll bouda calls upon its god to heal the gnoll.
The gnoll is healed somewhat.
You block the gnoll's attack. The gnoll attacks as it pursues you!
The gnoll hits you with a +0 flail.
The gnoll hits you from afar with a +1 halberd of distortion.
Space warps horribly around you.
* * * LOW HITPOINT WARNING * * *
The gnoll bouda attacks as it pursues you!
The gnoll bouda hits you with a +0 whip.
* * * LOW HITPOINT WARNING * * *
The gnoll attacks as it pursues you! The gnoll hits you but does no damage.
Space warps horribly around you!!
You die...

.# ..........(..(...............
.. ..........(......#####....###
. .......................### .
#........... ..........## ..
#........# ...........# .....
#...(..####.........### ....#
#.....gg.#.........## ....#
#...#..gg....#......# ....#
###..#####@#...#.....## ....#
#......###............#
....###.##....##.<...###....##
....#....#.#..###....##.##...#
...##.........###............###
..##...>..[..###.......#.......#
..###........#....##..##..###..#
#..##.<...#..##..####†.#.......#
#..#......##...........##......#


You could see a gnoll bouda and 3 gnolls.

Vanquished Creatures
  A steam dragon (D:5)
  An orc warrior (D:7)
  3 water moccasins
  2 centaurs (D:6)
  3 kobold brigands (D:7)
  2 gnoll sergeants (D:7)
  2 scorpions
  2 howler monkeys (D:6)
  2 jellies (D:6)
  4 orc priests
  A bombardier beetle (D:5)
  10 hounds
  2 gnoll boudas (D:7)
  3 iguanas
  A sleepcap (D:5)
  4 orc wizards
  5 gnolls (D:7)
  3 adders
  2 white imps (D:7)
  2 ufetubi (D:6)
  The ghost of demianpwz the Shield-Bearer, a weakling HuFi (D:3)
  4 dart slugs
  4 ribbon worms
  19 orcs
  4 bats
  7 endoplasms
  4 giant cockroaches
  5 goblins
  12 hobgoblins
  5 jackals (D:1)
  17 kobolds
  3 quokkas
  6 ball pythons
  4 rats
150 creatures vanquished.

Vanquished Creatures (others)
  An orc wizard (D:6)
  A rat (D:2)
2 creatures vanquished.

Grand Total: 152 creatures vanquished

Notes
Turn   | Place    | Note
-------+----------+-------------------------------------------
     0 | D:1      | AdnanSaban the Gargoyle Fighter began the quest for the
                  | Orb.
     0 | D:1      | Reached XP level 1. HP: 14/14 MP: 1/1
   122 | D:1      | Reached XP level 2. HP: 14/19 MP: 2/2
   324 | D:1      | Reached XP level 3. HP: 24/24 MP: 3/3
   881 | D:2      | Found an ancient bone altar of Kikubaaqudgha.
  1466 | D:2      | Found a runed translucent door.
  1467 | D:2      | Noticed Crazy Yiuf
  1493 | D:2      | Reached XP level 4. HP: 29/29 MP: 4/4
  1776 | D:3      | Found a glowing silver altar of Zin.
  1966 | D:3      | Reached skill level 3 in Maces & Flails
  2036 | D:3      | Found a runed translucent door.
  2037 | D:3      | Noticed demianpwz's ghost (weakling HuFi)
  2538 | D:3      | Killed demianpwz's ghost
  2622 | D:4      | Noticed a scorpion
  2647 | D:4      | Killed a scorpion
  2648 | D:4      | Reached skill level 1 in Dodging
  2648 | D:4      | Reached XP level 5. HP: 30/33 MP: 5/5
  3200 | D:5      | Entered Level 5 of the Dungeon
  3210 | D:5      | Reached skill level 4 in Maces & Flails
  3210 | D:5      | Reached XP level 6. HP: 38/38 MP: 6/6
  3408 | D:5      | Noticed a steam dragon
  3457 | D:5      | Reached XP level 7. HP: 43/43 MP: 7/7
  4120 | D:6      | Reached skill level 5 in Maces & Flails
  4120 | D:6      | Reached skill level 5 in Armour
  4120 | D:6      | Reached skill level 5 in Shields
  4180 | D:6      | Found a staircase to the Ecumenical Temple.
  4190 | D:6      | Reached skill level 1 in Stealth
  4199 | Temple   | Entered the Ecumenical Temple
  4204 | Temple   | Became a worshipper of Warmaster Okawaru
  4311 | D:6      | Reached XP level 8. HP: 48/48 MP: 8/8
  4417 | D:6      | Found a bloodstained altar of Trog.
  4686 | D:6      | Reached skill level 1 in Invocations
  4744 | D:6      | Reached skill level 5 in Fighting
  4839 | D:5      | Reached skill level 6 in Maces & Flails
  5255 | D:7      | Reached * piety under Okawaru
  5486 | D:7      | Found a radiant altar of Vehumet.
  5563 | D:7      | Reached XP level 9. HP: 38/54 MP: 11/11
  5708 | D:7      | Reached skill level 7 in Maces & Flails
  5749 | D:7      | Reached ** piety under Okawaru
  6055 | D:7      | Mangled by a gnoll

Illustrated notes

Levels and vault maps discovered:
D:1:      roderic_chinese_lattice_arrival, layout_loops_ring, solitary_fountain
D:2:      layout_basic, basic_altar, uniq_crazy_yiuf_cottage
D:3:      layout_basic, mainiacjoe_overflow_tiny_flanked,
          ebering_ghost_reflecting_pool
D:4:      layout_loops_ring
D:5:      layout_basic
D:6:      layout_loops_corners, trog_book, minmay_temple_entry_nine_rooms
D:7:      kennysheep_housing_project, layout_cave_pools,
          nicolae_vehumet_radiance
Temple:   compressed_dpeg_triangle_lava_temple

Skill      XL: |  1  2  3  4  5  6  7  8  9 |
---------------+----------------------------+-----
Maces & Flails | 3 4 5 6 7 |  7.2
Shields        | 4 5 6 |  6.2
Armour         | 4 5 6 |  6.8
Dodging        | 1 2 |  2.5
Fighting       | 4 5 |  5.7
Stealth        | 1 |  1.2
Invocations    | 2 3 |  3.7
Throwing       | |  0.5

Action                     |  1- 3 |  4- 6 |  7- 9 || total
---------------------------+-------+-------+-------++-------
  Melee: Flail             |   119 |   245 |   427 ||   791
  Throw: Dart              |       |       |     8 ||     8
         Boomerang         |       |       |     1 ||     1
   Stab: Distracted        |       |       |     1 ||     1
 Armour: Scale mail        |    78 |    44 |       ||   122
         Chain mail        |       |   153 |   248 ||   401
         Plate armour      |       |       |   414 ||   414
  Dodge: Dodged            |    49 |   107 |   245 ||   401
  Block: Buckler           |    24 |    54 |   171 ||   249
